 Dungeon Crawl Stone Soup version 0.27-a0-684-g359e429f13 (webtiles) character file.

Game seed: 7664766232169939602

219 Aggronaut the Fighter (level 5, 0/62 HPs)
             Began as a Draconian Transmuter on Mar 20, 2021.
             Slain by a hobgoblin (4 damage)
             ... led by Robin
             ... on level 2 of the Dungeon.
             The game lasted 00:04:30 (2637 turns).

Aggronaut the Fighter (Draconian Transmuter)        Turns: 2637, Time: 00:04:31

Health: 0/62       AC:  5    Str: 12    XL:     5   Next: 63%
Magic:  8/8        EV: 12    Int: 15    God:
Gold:   71         SH:  0    Dex: 11    Spells: 2/8 levels left

rFire    . . .     SeeInvis .     - Unarmed
rCold    . . .     Faith    .   (no shield)
rNeg     . . .     Spirit   .   (armour unavailable)
rPois    .         Reflect  .   (helmet restricted)
rElec    .         Harm     .   (no cloak)
rCorr    .         Rampage  .   (no gloves)
Will     .....                  (no boots)
Stlth    +.........             (no amulet)
HPRegen  0.20/turn              (no ring)
MPRegen  0.11/turn              (no ring)

@: no status effects
A: AC +5, unfitting armour, cold-blooded
a: no special abilities


You were on level 2 of the Dungeon.
You visited 1 branch of the dungeon, and saw 2 of its levels.

You collected 71 gold pieces.

Inventory:

Armour
 c - a +1 pair of gloves
Jewellery
 d - a +4 ring of evasion
Scrolls
 b - a scroll of random uselessness {unknown}
 e - a scroll of identify {unknown}


   Skills:
 - Level 12.0 Fighting
 - Level 1.7 Dodging
 + Level 3.9 Unarmed Combat
 - Level 2.0 Spellcasting
 * Level 4.2 Transmutations


You had 2 spell levels left.
You knew the following spells:

 Your Spells              Type           Power      Damage    Failure   Level
a - Beastly Appendage     Tmut           28%        N/A       4%          1
b - Blink                 Tloc           N/A        N/A       32%         2
c - Spider Form           Tmut/Pois      3%         N/A       28%         3

Your spell library contained the following spells:

 Spells                   Type           Power      Damage    Failure   Level
 Wereblood                Tmut           14%        N/A       6%          2
 Magic Dart               Conj           4%         1d3       22%         1
 Call Imp                 Summ           1%         N/A       32%         2
 Slow                     Hex            1%         N/A       32%         2
 Conjure Flame            Conj/Fire      1%         6-21      54%         3
 Mephitic Cloud           Conj/Pois/Air  1%         N/A       54%         3
 Ice Form                 Ice/Tmut       7%         N/A       67%         4
 Blade Hands              Tmut           7%         N/A       73%         5


Dungeon Overview and Level Annotations

Branches:
Dungeon (2/15)

Altars:
Dithmenos
Okawaru

Annotations:
D:2 Robin


Innate Abilities, Weirdness & Mutations

Your plain brown scales are hard. (AC +5)
You cannot fit into any form of body armour.
You are cold-blooded and may be slowed by cold attacks.


Message History

You hit the hobgoblin. Your kick misses the hobgoblin.
You headbutt the hobgoblin, but do no damage.
The hobgoblin is heavily wounded.
The hobgoblin hits you but does no damage.
You hit the hobgoblin.
You kill the hobgoblin!
Robin throws the goblin at you!
You barely miss the goblin. Your headbutt misses the goblin.
The goblin hits you but does no damage. The goblin hits you with a +0 dagger.
You hit the goblin.
You kill the goblin!
The goblin misses you.
You barely miss the goblin.
Your tail-slap misses the goblin.
The hobgoblin hits you. The goblin hits you with a +0 club.
You hit the goblin.
You kill the goblin!
The hobgoblin closely misses you. Robin throws the goblin at you!
* * * LOW HITPOINT WARNING * * *
You see here a +0 club.
You closely miss the goblin. You headbutt the goblin.
You kill the goblin!
The hobgoblin hits you but does no damage.
You see here a +0 club.
Your horns disappear.
Your talons disappear.
Robin throws the goblin at you! The goblin hits you with a +0 dagger!
* * * LOW HITPOINT WARNING * * *
You punch the goblin!
You kill the goblin!
The hobgoblin misses you.
Things that are here:
a +0 dagger; a goblin corpse The hobgoblin no longer looks unusually strong.
There is a stone staircase leading up here.
It was a potion of experience.
You feel more experienced!
Your Fighting skill gained 11 levels and is now at level 12!
You have reached level 5!
The hobgoblin hits you.
You die...

. ..... # g #... #.#.#gg.
#...#.g## ##############
#..... ##............##
#..##########..##########.†#
#.>.)))g..)...##........##..
#.#########g###..........###
#.#..........@##............##
#............##..............#
#.#########.##................
## #.#.................
#)#.................
#)#.......#..#......
#.'........##.......
#.'........##)......
###÷..÷...#..#..(...


You could see a hobgoblin.

Vanquished Creatures
  Terence (D:2)
  2 adders (D:2)
  A worm (D:2)
  3 dart slugs (D:1)
  3 leopard geckos
  2 giant cockroaches (D:2)
  6 hobgoblins
  4 jackals (D:2)
  8 kobolds
  6 bats
  2 frilled lizards (D:2)
  13 goblins
  4 rats
55 creatures vanquished.

Notes
Turn   | Place    | Note
-------+----------+-------------------------------------------
     0 | D:1      | Aggronaut the Draconian Transmuter began the quest for the
                  | Orb.
     0 | D:1      | Reached XP level 1. HP: 16/16 MP: 3/3
   548 | D:1      | Reached XP level 2. HP: 17/23 MP: 5/5
  1428 | D:1      | Learned a level 2 spell: Blink
  1430 | D:2      | Found an iron altar of Okawaru.
  1457 | D:2      | Reached XP level 3. HP: 26/28 MP: 6/6
  1520 | D:2      | Found a shadowy altar of Dithmenos.
  1859 | D:2      | Noticed Terence
  1879 | D:2      | Killed Terence
  1880 | D:2      | Reached XP level 4. HP: 11/35 MP: 7/7
  2579 | D:2      | Learned a level 3 spell: Spider Form
  2609 | D:2      | Noticed Robin
  2637 | D:2      | Reached skill level 12 in Fighting
  2637 | D:2      | Reached XP level 5. HP: 4/62 MP: 8/8
  2637 | D:2      | Slain by a hobgoblin

Illustrated notes

Levels and vault maps discovered:
D:1:      shiori_shiawase, layout_basic, minmay_tromino_i4
D:2:      kennysheep_big_flooded_room, layout_basic, overflow_temple_1_default,
          grunt_dithmenos_smoke_and_mirrors, uniq_terence, uniq_robin

Skill      XL: |  1  2  3  4 |
---------------+-------------+-----
Transmutations | 3 4 |  4.2
Fighting       | 12 | 12.0
Dodging        | |  1.7
Unarmed Combat | |  3.9
Spellcasting   | |  2.0

Action                   |  1- 3 |  4- 6 || total
-------------------------+-------+-------++-------
Melee: Unarmed           |   140 |    50 ||   190
       Tailslap          |    11 |     4 ||    15
       Kick              |     7 |     9 ||    16
       Headbutt          |     3 |     4 ||     7
       Punch             |     1 |     1 ||     2
 Cast: Beastly Appendage |     4 |     3 ||     7
  Use: Scroll            |     1 |       ||     1
       Potion            |       |     1 ||     1
 Stab: Sleeping          |     2 |       ||     2
Armor: Skin              |    48 |    15 ||    63
Dodge: Dodged            |   102 |    21 ||   123

Table legend: (Time is in decaauts)
 A = Elapsed time spent in this place.
 B = Non-inter-level travel time spent in this place.
 C = Inter-level travel time spent in this place.
 D = Time resting spent in this place.
 E = Time spent auto-exploring this place.
 F = Levels seen in this place.
 G = Mean time per level.
                   A        B        C        D        E       F      G
               +--------+--------+--------+--------+--------+-----+--------+
         Total |   2624 |   2609 |     15 |   1332 |    836 |   2 | 1312.0 |
       Dungeon |   2624 |   2609 |     15 |   1332 |    836 |   2 | 1312.0 |
               +--------+--------+--------+--------+--------+-----+--------+

Top non-repeatable levels by time:
     D:1: 1707 daAuts
     D:2: 916 daAuts
